 Dungeon Crawl Stone Soup version 0.24.0-29-g8ce449bc06 (console) character file.

Game seed: 4691048912045876277, levelgen mode: deterministic

250 AlterAsc the Poker (level 6, -1/50 HPs)
             Began as a Merfolk Fighter on Nov 14, 2019.
             Slain by an ogre
             ... wielding a +0 giant club
              (17 damage)
             ... on level 5 of the Dungeon.
             The game lasted 00:05:44 (2766 turns).

AlterAsc the Poker (Merfolk Fighter)                Turns: 2766, Time: 00:05:45

Health: -1/50      AC:  7    Str: 18    XL:     6   Next: 13%
Magic:  6/6        EV:  7    Int:  7    God:
Gold:   153        SH:  9    Dex: 14    Spells: 5/5 levels left

rFire    . . .     SeeInvis .   a - +0 trident
rCold    . . .     Gourm    .   c - +0 shield
rNeg     . . .     Faith    .   b - +0 scale mail
rPois    +         Spirit   .   (no helmet)
rElec    .         Reflect  .   s - +0 cloak
rCorr    .         Harm     .   (no gloves)
MR       .....                  (no boots)
Stlth    ..........             (no amulet)
HPRegen  0.16/turn              g - ring of poison resistance
MPRegen  0.10/turn              v - ring of flight

@: no status effects
A: change form in water, swift swim, stealthy swim
a: Evoke Flight


You were on level 5 of the Dungeon.
You were very hungry.

You visited 1 branch of the dungeon, and saw 5 of its levels.

You collected 153 gold pieces.

Inventory:

Hand Weapons
 a - a +0 trident (weapon)
Armour
 b - a +0 scale mail (worn)
 c - a +0 shield (worn)
 s - a +0 cloak (worn)
Jewellery
 g - a ring of poison resistance (left hand)
 v - a ring of flight (right hand)
Scrolls
 e - a scroll of fear {unknown}
 i - a scroll of enchant weapon {unknown}
 k - a scroll of magic mapping {unknown}
 m - 5 scrolls of teleportation
 n - 3 scrolls of noise
 p - 4 scrolls of remove curse
 r - a scroll of identify
 t - 3 scrolls of amnesia {unknown}
 u - 2 scrolls of fog {unknown}
Potions
 d - a potion of might
 h - a potion of lignification {unknown}
 j - a potion of invisibility {unknown}
 l - 4 potions of agility {unknown}
 o - a potion of mutation {unknown}
 q - a potion of haste {unknown}
 w - a potion of curing {unknown}
Comestibles
 f - 6 rations


   Skills:
 + Level 4.9 Fighting
 * Level 7.4 Polearms
 - Level 2.2 Armour
 - Level 3.1 Shields


You had 5 spell levels left.
You didn't know any spells.
Your spell library was empty.

Dungeon Overview and Level Annotations

Branches:
Dungeon (5/15)
 Temple: D:4-7

Altars:
Hepliaklqana
Kikubaaqudgha
Qazlal

Shops:
D:4 ?


Message History

The ogre is lightly wounded.
The ogre hits you with a +0 giant club!
* * * LOW HITPOINT WARNING * * *
You hit the ogre.
The ogre is moderately wounded.
You puncture the ogre!
The ogre is severely wounded.
The ogre closely misses you.
You closely miss the ogre.
The ogre is severely wounded.
The ogre closely misses you.
You barely miss the ogre.
The ogre is severely wounded.
The ogre hits you but does no damage.
You closely miss the ogre.
The ogre is severely wounded.
You hit the ogre.
The ogre is severely wounded.
The ogre hits you with a +0 giant club!
You die...

#...
#.####...<.#.#######..
#### #........#.#.#
#.... ##...####.#.#.#
#.... # #...## #.#.#.#
##### #.###....#
###.#.# (.......##
#.#.#
###......#####.#.#
#...........#.#.#
##.......@##...#.#
#........O####.#.###
#.........#
#.....#######
#.........#
#####........
#.?.......# #........
#.........# #........
#..........# #########
#..#.......# #.
#.###......# #.


You could see an ogre.

Vanquished Creatures
  A scorpion (D:4)
  A hound (D:4)
  An orc wizard (D:4)
  2 iguanas (D:4)
  A worker ant zombie (D:5)
  An ooze (D:3)
  An adder skeleton (D:4)
  3 leopard geckos
  4 orcs
  6 bats
  4 giant cockroaches
  7 goblins
  5 hobgoblins
  2 jackals (D:4)
  4 quokkas
  5 frilled lizards
  8 kobolds
  22 rats
78 creatures vanquished.

Notes
Turn   | Place    | Note
-------+----------+-------------------------------------------
     0 | D:1      | AlterAsc the Merfolk Fighter began the quest for the Orb.
     0 | D:1      | Reached XP level 1. HP: 18/18 MP: 1/1
    27 | D:1      | Reached XP level 2. HP: 22/24 MP: 2/2
   247 | D:1      | Reached skill level 4 in Polearms
   309 | D:1      | Reached XP level 3. HP: 30/30 MP: 3/3
   774 | D:2      | Found a hazy altar of Hepliaklqana.
  1072 | D:3      | Found a stormy altar of Qazlal.
  1322 | D:3      | Reached skill level 5 in Polearms
  1323 | D:3      | Reached XP level 4. HP: 28/37 MP: 4/4
  1741 | D:4      | Reached skill level 6 in Polearms
  1741 | D:4      | Reached XP level 5. HP: 29/43 MP: 5/5
  2341 | D:4      | Reached skill level 7 in Polearms
  2341 | D:4      | Reached XP level 6. HP: 32/50 MP: 6/6
  2388 | D:4      | Found Jueb's Magic Scroll Emporium.
  2419 | D:4      | Found an ancient bone altar of Kikubaaqudgha.
  2442 | D:5      | Entered Level 5 of the Dungeon
  2766 | D:5      | Slain by an ogre

Levels and vault maps discovered:
D:1:      eino_arrival_tree_alley, layout_basic, feat_on_display
D:2:      layout_basic, marbit_many_paths, columned_hall_lemuel,
          chequers_arboretum, minmay_heptomino_w4, uniq_jessica
D:3:      layout_loops_ring, grunt_qazlal_clouds, minmay_rat_hole
D:4:      layout_basic, lemuel_doored_altar, serial_shops, kennysheep_mini_moat,
          first_ration, kennysheep_cluttered_room
D:5:      layout_cave_pods, old_standard_altar, temple_hall,
          serial_co_window_serial, co_window_paths_b, co_window_corner_a,
          co_window_paths_b, co_window_paths_b, co_window_corner_a,
          co_window_broadway_a, co_window_broadway_b, co_window_corner_b,
          co_window_2corner, co_window_corner_cb, co_window_4corner_b,
          glass_columns_b, glass_columns_b

Skill      XL: |  1  2  3  4  5 |
---------------+----------------+-----
Polearms       | 4 5 6 7 |  7.4
Fighting       | 4 |  4.9
Armour         | |  2.2
Shields        | |  3.1

Action                   |  1- 3 |  4- 6 || total
-------------------------+-------+-------++-------
Melee: Trident           |   150 |   120 ||   270
  Use: Scroll            |     4 |       ||     4
  Eat: Chunk             |     1 |     4 ||     5
Armor: Scale mail        |    61 |    30 ||    91
Dodge: Dodged            |    39 |    25 ||    64
Block: Shield            |    55 |    31 ||    86
